 Dungeon Crawl Stone Soup version 0.23-a0-558-g30802b1d75 (webtiles) character file.

5321 Manul the Unseen (level 10, -2/49 HPs)
             Began as a Spriggan Assassin on Dec 12, 2018.
             Was an Initiate of Gozag.
             Slain by an orc warrior
             ... wielding a +0 battleaxe
              (30 damage)
             ... on level 9 of the Dungeon.
             The game lasted 00:11:26 (9464 turns).

Manul the Unseen (Spriggan Assassin)                Turns: 9464, Time: 00:11:27

Health: -2/49      AC:  3    Str:  7    XL:     10   Next: 38%
Magic:  23/23      EV: 23    Int: 12    God:    Gozag
Gold:   848        SH:  0    Dex: 22    Spells: 9/9 levels left

rFire    . . .     SeeInvis +   m - +5 dagger (flame)
rCold    . . .     Gourm    .   (shield restricted)
rNeg     + . .     Faith    .   c - +0 robe
rPois    .         Spirit   .   (helmet restricted)
rElec    .         Reflect  .   I - +0 cloak {+Inv}
rCorr    .         Harm     .   (gloves unavailable)
MR       +....                  (boots unavailable)
Stlth    +++++++...             (no amulet)
HPRegen  0.16/turn              C - ring of magical power
MPRegen  0.18/turn              v - ring of positive energy

@: very quick
A: very small, unfitting armour, see invisible, herbivore, speed 3, slow
metabolism 2
a: Potion Petition, Call Merchant, Bribe Branch, Renounce Religion, Evoke
Invisibility


You were on level 9 of the Dungeon.
You worshipped Gozag.
Gozag was pleased with you.
You were not hungry.

You visited 1 branch of the dungeon, and saw 9 of its levels.
You also visited: Ossuary.

You collected 1661 gold pieces.
You spent 242 gold pieces at shops.
You paid 571 gold pieces to Gozag.

Inventory:

Hand Weapons
 b - a +0 blowgun
 k - a +3 quarterstaff of chaos
 m - a +5 dagger of flaming (weapon)
Missiles
 e - 41 poisoned needles
 f - 2 curare-tipped needles
Armour
 c - a +0 robe (worn)
 n - a +1 cloak of magic resistance
 E - a +0 buckler of protection
 I - a +0 cloak of invisibility (worn)
Jewellery
 d - an uncursed ring of wizardry
 v - a ring of positive energy (right hand)
 C - a ring of magical power (left hand)
Wands
 r - a wand of enslavement (11)
 x - a wand of flame (34)
 y - a wand of disintegration (17)
 F - a wand of iceblast (10)
 G - a wand of polymorph (4)
 H - a wand of acid (10)
Scrolls
 a - 5 scrolls of teleportation
 i - a scroll of noise {unknown}
 o - 4 scrolls of enchant weapon
 q - 6 scrolls of identify
 t - 3 scrolls of remove curse
 A - 3 scrolls of fog
Potions
 h - a potion of heal wounds
 j - 3 potions of lignification
 l - 3 potions of agility
 p - 2 potions of curing
 s - a potion of cancellation {unknown}
 u - a potion of invisibility {unknown}
 w - 2 potions of might
 z - 2 potions of brilliance
 B - a potion of flight
 D - a potion of magic {unknown}
Comestibles
 g - 23 rations


   Skills:
 + Level 3.7 Fighting
 + Level 7.2 Short Blades
 - Level 2.0 Throwing
 - Level 2.5 Armour
 + Level 6.5 Dodging
 * Level 16.9 Stealth
 * Level 2.2 Shields
 * Level 4.2 Evocations


You had 9 spell levels left.
You didn't know any spells.
Your spell library contained the following spells:

 Spells                   Type           Power        Failure   Level  Hunger
 Animate Skeleton         Necr           N/A          32%         1    ##.....
 Apportation              Tloc           #.....       32%         1    ##.....
 Confusing Touch          Hex            #.....       32%         1    ##.....
 Summon Small Mammal      Summ           #...         32%         1    ##.....


Dungeon Overview and Level Annotations

Branches:
Dungeon (9/15)             Temple (0/1) D:6            Lair (0/6) D:9
    Orc: D:9-12

Altars:
Fedhas
Gozag
Nemelex Xobeh
Okawaru
Qazlal
Sif Muna
Vehumet
Wu Jian
Yredelemnul
Zin
Lugonu

Shops:
D:4 ?   D:7 [

Annotations:
D:4 2 transporters, SpeedVeins's ghost, amateur DDFi
D:7 2 transporters
D:9 1 runed door


Innate Abilities, Weirdness & Mutations

You are very small and have problems with some larger weapons.
You are too small for most types of armour.
You have supernaturally acute eyesight. (SInv)
You are a herbivore.
You cover ground extremely quickly.
You need to consume almost no food.


Message History

You barely miss the orc warrior. The orc warrior closely misses you.
You hit the orc warrior. You burn the orc warrior.
The orc warrior is lightly wounded.
You hit the orc warrior but do no damage.
The orc warrior is lightly wounded.
You hit the orc warrior. You burn the orc warrior.
The orc warrior is moderately wounded.
You closely miss the orc warrior.
The orc warrior is moderately wounded.
The orc warrior misses you.
You hit the orc warrior but do no damage.
The orc warrior is moderately wounded.
The orc suddenly cheers, as Orcs often do.
The orc closely misses you.
You hit the orc warrior. You burn the orc warrior.
The orc warrior is severely wounded.
The orc warrior hits you with a +0 battleaxe!!
Ouch! That really hurt!
You die...
Your body crumbles into a pile of gold.

#################
.................
#........... #####
#.########## .....
#######.######
......#...$..........
......#....$$$.......
......oo.............
..%#..#@............#
#o #.............# ..
#.............# ##
#.............#
..........$...
..............
##############


You could see an orc warrior and an orc.

Vanquished Creatures
  A hydra (D:8)
  Maurice (D:8)
  Grinder (D:3)
  2 dream sheep (D:8)
  Sigmund (D:6)
  2 yaks (D:8)
  Menkaure (D:4)
  An orc warrior (D:9)
  An ice beast (D:8)
  2 sky beasts
  A black bear (D:7)
  6 ogres
  2 phantoms (D:6)
  2 centaurs
  An elf zombie (D:7)
  4 big kobolds
  5 bullfrogs
  An elf skeleton (D:7)
  A scorpion (D:6)
  2 crimson imps
  A bullfrog zombie (D:8)
  A howler monkey (D:4)
  A human zombie (D:7)
  A jelly (D:5)
  A hound (D:4)
  Crazy Yiuf (D:2)
  4 orc priests
  4 orc wizards
  A human skeleton (D:7)
  2 iguanas
  Natasha (twice) (D:2)
  5 worker ants
  A hound zombie (D:9)
  8 mummies (Ossuary)
  A worker ant zombie (D:7)
  Robin (D:4)
  15 adders
  A shadow imp (D:6)
  An ooze (D:2)
  3 worms
  2 dart slugs
  5 leopard geckos
  23 orcs
  3 giant cockroaches
  17 goblins
  6 hobgoblins
  12 jackals
  14 kobolds
  4 quokkas
  5 ball pythons
  5 bats
  10 frilled lizards
  2 hobgoblin zombies (Ossuary)
  2 kobold zombies (Ossuary)
  2 leopard gecko skeletons (D:5)
  An orc skeleton (D:7)
  5 orc zombies
  7 rats
218 creatures vanquished.

Notes
Turn   | Place    | Note
-------+----------+-------------------------------------------
     0 | D:1      | Manul the Spriggan Assassin began the quest for the Orb.
     0 | D:1      | Reached XP level 1. HP: 10/10 MP: 2/2
    20 | D:1      | Reached skill level 6 in Stealth
   189 | D:1      | Reached XP level 2. HP: 14/14 MP: 3/3
   900 | D:2      | Noticed a crimson imp
   901 | D:2      | Killed a crimson imp
   901 | D:2      | Reached skill level 7 in Stealth
   901 | D:2      | Reached XP level 3. HP: 18/18 MP: 4/4
  1029 | D:2      | Reached XP level 4. HP: 23/23 MP: 5/5
  1060 | D:2      | Reached skill level 8 in Stealth
  1191 | D:2      | Found a deep blue altar of Sif Muna.
  1400 | D:2      | Noticed Natasha
  1403 | D:2      | Killed Natasha
  1413 | D:2      | Found a runed door.
  1625 | D:2      | Noticed Crazy Yiuf
  1630 | D:2      | Killed Crazy Yiuf
  1630 | D:2      | Reached skill level 9 in Stealth
  1630 | D:2      | Reached XP level 5. HP: 26/26 MP: 6/6
  1670 | D:2      | Noticed Natasha
  1685 | D:2      | Killed Natasha
  2015 | D:3      | Found a faded altar of an unknown god.
  2029 | D:3      | Reached skill level 10 in Stealth
  2198 | D:3      | Reached XP level 6. HP: 30/30 MP: 7/7
  2287 | D:3      | Noticed Grinder
  2290 | D:3      | Killed Grinder
  2290 | D:3      | Reached skill level 11 in Stealth
  2339 | D:3      | Found an iron altar of Okawaru.
  2346 | D:3      | Found a stormy altar of Qazlal.
  2351 | D:3      | Found an opulent altar of Gozag.
  2362 | D:3      | Found a basalt altar of Yredelemnul.
  2372 | D:3      | Became a worshipper of Gozag Ym Sagoz the Greedy
  2388 | D:3      | Found an ornate altar of the Wu Jian Council.
  2393 | D:3      | Found a glowing silver altar of Zin.
  2400 | D:3      | Found a blossoming altar of Fedhas.
  2693 | D:4      | Reached XP level 7. HP: 35/35 MP: 8/8
  2701 | D:4      | Noticed Menkaure
  2710 | D:4      | Killed Menkaure
  2768 | D:4      | Found a transporter.
  2771 | D:4      | Noticed SpeedVeins's ghost (amateur DDFi)
  2808 | D:4      | Found a transporter.
  2984 | D:4      | Reached skill level 12 in Stealth
  3039 | D:4      | Found Lojemoant's Magic Scroll Shoppe.
  3044 | D:4      | Bought a scroll of teleportation for 33 gold pieces
  3044 | D:4      | Bought a scroll of remove curse for 33 gold pieces
  3044 | D:4      | Bought a scroll of magic mapping for 38 gold pieces
  3197 | D:4      | Noticed Robin
  3232 | D:4      | Killed Robin
  3782 | D:5      | Entered Level 5 of the Dungeon
  3838 | D:5      | Found a sparkling altar of Nemelex Xobeh.
  4309 | D:6      | Noticed Sigmund
  4328 | D:6      | Killed Sigmund
  4328 | D:6      | Reached skill level 1 in Armour
  4328 | D:6      | Reached XP level 8. HP: 39/39 MP: 9/9
  5238 | D:6      | Reached skill level 13 in Stealth
  5395 | D:6      | Reached skill level 5 in Short Blades
  5666 | D:6      | Reached skill level 5 in Dodging
  5688 | D:6      | Found a staircase to the Ecumenical Temple.
  6604 | D:7      | Found a sand-covered staircase.
  6610 | Ossuary  | Entered an ossuary
  7026 | D:7      | Reached skill level 14 in Stealth
  7026 | D:7      | Reached XP level 9. HP: 35/44 MP: 10/10
  7049 | D:7      | Noticed a red ugly thing
  7063 | D:7      | Noticed an ancient zyme
  7260 | D:7      | Reached skill level 1 in Evocations
  7475 | D:7      | Noticed a brown ugly thing
  7476 | D:7      | Found a transporter.
  7477 | D:7      | Found a transporter.
  7477 | D:7      | Found a corrupted altar of Lugonu.
  7477 | D:7      | Noticed a white ugly thing
  7493 | D:7      | Bought a +0 buckler of protection for 138 gold pieces
  8253 | D:8      | Found a radiant altar of Vehumet.
  8313 | D:8      | Reached skill level 15 in Stealth
  8467 | D:8      | Reached skill level 1 in Shields
  8580 | D:8      | Noticed Maurice
  8587 | D:8      | Killed Maurice
  8857 | D:8      | Reached XP level 10. HP: 42/49 MP: 13/13
  8861 | D:8      | Reached skill level 16 in Stealth
  8938 | D:8      | Noticed a three-headed hydra
  8942 | D:8      | Killed a three-headed hydra
  9109 | D:9      | Found a staircase to the Lair.
  9208 | D:9      | Found a runed gate.
  9464 | D:9      | Slain by an orc warrior

Vault maps used:
D:1:      lemuel_arrival_lava_pool, minmay_misc_feat_rows,
          grunt_decor_resistance
D:2:      lemuel_crystal_altar, first_ration, uniq_natasha,
          uniq_crazy_yiuf_cottage
D:3:      minmay_spotlight, grunt_temple_overflow_octagram,
          chequers_ecumenical_altar_simple_redux, uniq_grinder
D:4:      gammafunk_ghost_stat_death, serial_shops, kennysheep_little_box,
          minmay_unequal, uniq_menkaure, uniq_robin
D:5:      nemelex_xobeh_ov_fountains_minmay, corexii_shack
D:6:      minmay_temple_entry_butterflies, uniq_sigmund
D:7:      gammafunk_corrupted_shrine, nicolae_ossuary_entry_catacombs
D:8:      lemuel_doored_altar, hangedman_ranch, uniq_maurice
D:9:      lair_entry_dummy, erik_orc_1, gammafunk_ghost_cemetery
Ossuary:  ossuary_tomb_3

Skill      XL: |  1  2  3  4  5  6  7  8  9 10 |
---------------+-------------------------------+-----
Stealth        | 6 7 9 10 11 12 14 15 16 | 16.9
Dodging        | 2 3 4 5 6 |  6.5
Short Blades   | 3 4 5 6 7 |  7.2
Fighting       | 2 3 |  3.7
Armour         | 1 2 |  2.5
Evocations     | 3 4 |  4.2
Shields        | 1 2 |  2.2
Throwing       | |  2.0

Action                   |  1- 3 |  4- 6 |  7- 9 | 10-12 || total
-------------------------+-------+-------+-------+-------++-------
Melee: Dagger            |    68 |   118 |   394 |    72 ||   652
 Fire: Blowgun           |       |     2 |       |       ||     2
Invok: Call Merchant     |       |       |     1 |       ||     1
 Abil: Evoke Invisibilit |       |       |     1 |       ||     1
Evoke: Wand              |       |       |       |     2 ||     2
  Use: Potion            |     1 |     1 |     3 |     1 ||     6
       Scroll            |       |     4 |     6 |     1 ||    11
 Stab: Sleeping          |    17 |    21 |    31 |     9 ||    78
       Distracted        |       |     1 |     2 |       ||     3
       Invisible         |       |       |     5 |     1 ||     6
  Eat: Ration            |       |       |     2 |     1 ||     3
Armor: Robe              |     4 |    15 |    24 |       ||    43
Dodge: Dodged            |    33 |    81 |   209 |    35 ||   358

Table legend:
 A = Non-vault XP
 B = Vault XP
 C = Vault XP percentage of total XP
 D = Non-vault monster count
 E = Vault monster count
 F = Vault count percentage of total count
                 A         B        C        D         E       F
            +---------+---------+-------+---------+---------+-------
      Total |    3665 |    3937 |  51.8 |     158 |      60 |  27.5
            +---------+---------+-------+---------+---------+-------
        D:1 |      33 |       0 |   0.0 |      20 |       0 |   0.0
        D:2 |     154 |      76 |  33.0 |      22 |       2 |   8.3
        D:3 |     142 |     299 |  67.8 |      32 |       6 |  15.8
        D:4 |     288 |     233 |  44.7 |      11 |      13 |  54.2
        D:5 |      66 |       1 |   1.5 |       8 |       1 |  11.1
        D:6 |     678 |     208 |  23.5 |      21 |       1 |   4.5
        D:7 |    1101 |     269 |  19.6 |      15 |       6 |  28.6
        D:8 |     675 |    2601 |  79.4 |      11 |       9 |  45.0
        D:9 |     528 |      95 |  15.2 |      18 |       6 |  25.0
    Ossuary |       0 |     155 | 100.0 |       0 |      16 | 100.0
            +---------+---------+-------+---------+---------+-------
